[Event "Chessable Masters - Torneo preliminare"]
[White "Erigaisi, Arjun"]
[Black "Firouzja, Alireza"]
[WhiteFideId "35009192"]
[BlackFideId "12573981"]
[WhiteElo "2685"]
[BlackElo "2745"]
[Result "1-0"]
[Round "6"]
[TimeControl "600+2"]
[Date "2023.03.13"]
[WhiteClock "0:00:12"]
[BlackClock "0:00:07"]

1. d4 d5 2. Bf4 Nf6 3. e3 e6 4. Nf3 Bd6 5. Bd3 O-O 6. Ne5 c5 7. c3 Qc7 8. Nd2 Nc6 9. Ndf3 cxd4 10. exd4 Ne4 11. Bg3 f5 12. Nxc6 Nxg3 13. hxg3 bxc6 14. Qe2 h6 15. O-O c5 16. Rfe1 Rb8 17. Rac1 Qb6 18. b3 Rb7 19. Ba6 Re7 20. Bxc8 Rxc8 21. Qd3 c4 22. bxc4 Rxc4 23. Re2 Qc6 24. Nd2 Ra4 25. Nb3 Qc4 26. Qf3 Ra6 27. Rce1 Ba3 28. Re3 Qc8 29. g4 Rf7 30. gxf5 Rxf5 31. Qe2 Rf6 32. Nd2 Bd6 33. Nb3 Rc6 34. Qd3 Qa6 35. Qc2 Qc8 36. g3 Bb4 37. Rc1 Ba3 38. Rd1 Bb4 39. Rdd3 Rf7 40. Nc1 Rfc7 41. Ne2 Bd6 42. Rd1 Qe8 43. Rb1 Qf7 44. Kg2 Rc8 45. Rf3 Qd7 46. Qg6 Qe8 47. Qd3 Rb6 48. Rxb6 axb6 49. Re3 Qf7 50. Ng1 Ra8 51. Qe2 Re8 52. Nf3 g5 53. Ne5 Bxe5 54. Rxe5 Qf6 55. Rxd5 Re7 56. Rd6 Qf5 57. Rxb6 e5 58. Rxh6 e4 59. Qe3 Kg7 60. Rh1 Kg6 61. c4 Rc7 62. d5 Rxc4 63. Qb6+ Kf7 64. Rh6 Kg7 65. Qa7+ Kxh6 66. Qa6+ Kg7 67. Qxc4 Qf3+ 68. Kg1 Qd1+ 69. Qf1 Qxd5 70. Qa1+ Kh6 71. a4 e3 72. Qh8+ Kg6 73. Qe8+ Kh6 74. Qf8+ Kg6 75. Qe8+ Kh6 76. Qxe3 Qd1+ 77. Kg2 Qxa4 78. Qe6+ Kg7 79. Kh3 Qd4 80. f3 Qb4 81. Qe5+ Kh6 82. Qf6+ Kh7 83. Qxg5 Qe1 84. Qh4+ Kg6 85. Qe4+ 1-0


[Site "Internet"]

[Event "Chessable Masters - Torneo preliminare"]
[White "Yakubboev, Nodirbek"]
[Black "Lazavik, Denis"]
[WhiteFideId "14203987"]
[BlackFideId "13515110"]
[WhiteElo "2577"]
[BlackElo "2488"]
[Result "1/2-1/2"]
[Round "6"]
[TimeControl "600+2"]
[Date "2023.03.13"]
[WhiteClock "0:00:20"]
[BlackClock "0:00:14"]

1. c4 Nf6 2. Nc3 e5 3. Nf3 Nc6 4. e4 Bb4 5. d3 d6 6. a3 Bc5 7. b4 Bb6 8. Be3 Bg4 9. Be2 Bxf3 10. Bxf3 Nd4 11. Na4 Nxf3+ 12. Qxf3 Bxe3 13. Qxe3 O-O 14. O-O Qd7 15. Nc3 Ng4 16. Qd2 f5 17. f3 Nf6 18. exf5 Qxf5 19. d4 a5 20. b5 Rae8 21. Rae1 Qf4 22. Qxf4 exf4 23. Kf2 Kf7 24. Rxe8 Rxe8 25. Re1 Rxe1 26. Kxe1 Ke6 27. Ne2 Kf5 28. Kd2 g5 29. Kc3 d5 30. c5 h5 31. Nc1 g4 32. b6 cxb6 33. cxb6 h4 34. h3 gxh3 35. gxh3 Nd7 36. Nb3 a4 37. Na5 Nxb6 38. Kb4 Ke6 39. Nxb7 Nc4 40. Nc5+ Kf5 41. Nd3 Nd2 42. Ne1 Nb3 43. Kxa4 Nxd4 44. Kb4 Ke5 45. a4 Kd6 46. Kc3 Ne6 47. Ng2 Ng5 48. Nxh4 Nxh3 49. Kb4 Ng5 50. Kb5 d4 51. Kc4 Kc6 52. Kxd4 Kb6 53. Kc4 Ka5 54. Kb3 Ka6 55. Kb4 Kb6 56. a5+ Ka6 57. Ka4 Ne6 58. Ng6 Nc5+ 59. Kb4 Nd3+ 60. Ka4 Nc5+ 61. Kb4 Nd3+ 62. Kc4 Ne1 63. Nxf4 Kxa5 64. Nd3 Nxf3 1/2-1/2


[Site "Internet"]

[Event "Chessable Masters - Torneo preliminare"]
[White "Salem, A.R. Saleh"]
[Black "Sevian, Samuel"]
[WhiteFideId "9301348"]
[BlackFideId "2040506"]
[WhiteElo "2654"]
[BlackElo "2582"]
[Result "0-1"]
[Round "6"]
[TimeControl "600+2"]
[Date "2023.03.13"]
[WhiteClock "0:00:02"]
[BlackClock "0:01:14"]

1. d4 Nf6 2. c4 e6 3. Nf3 d5 4. g3 dxc4 5. Bg2 c5 6. O-O Nc6 7. Ne5 Bd7 8. Nxc4 cxd4 9. Bf4 Be7 10. Nd6+ Kf8 11. Nxb7 Qb6 12. Nd6 Qc5 13. Nd2 Bxd6 14. Rc1 Qb4 15. Bxc6 Bxc6 16. Rxc6 Bxf4 17. gxf4 Nd5 18. Qc2 g6 19. Nf3 Rb8 20. Qe4 d3 21. exd3 Qxe4 22. dxe4 Nxf4 23. Rc7 Kg7 24. Ne5 Rhf8 25. b3 Rb5 26. Nd7 Rg5+ 27. Kh1 Ra8 28. Rg1 Ra5 29. a4 Nh3 30. Rf1 Nf4 31. f3 Rg5 32. Rg1 Rh5 33. b4 a6 34. Rd1 Rd8 35. Kg1 Rg5+ 36. Kf2 e5 37. Rd6 Rg2+ 38. Kf1 Rxh2 39. Rxa6 h5 40. b5 h4 41. b6 h3 42. b7 Rg2 43. b8=Q Rxb8 0-1


[Site "Internet"]

[Event "Chessable Masters - Torneo preliminare"]
[White "Aronian, Levon"]
[Black "Le, Tuan Minh"]
[WhiteFideId "13300474"]
[BlackFideId "12401153"]
[WhiteElo "2720"]
[BlackElo "2489"]
[Result "1-0"]
[Round "6"]
[TimeControl "600+2"]
[Date "2023.03.13"]
[WhiteClock "0:01:38"]
[BlackClock "0:00:09"]

1. e4 c5 2. Nf3 Nf6 3. e5 Nd5 4. Nc3 Nxc3 5. dxc3 Nc6 6. Bc4 e6 7. Bf4 h6 8. Qe2 Qc7 9. O-O-O b6 10. Rd2 Bb7 11. Rhd1 O-O-O 12. Bg3 g5 13. Ba6 g4 14. Bxb7+ Qxb7 15. Ne1 h5 16. Bf4 Rg8 17. g3 Ne7 18. c4 Nc6 19. c3 Be7 20. Kb1 Bg5 21. Qe3 Bxf4 22. Qxf4 Qc7 23. Rd6 Rgf8 24. Qe4 f6 25. exf6 Rxf6 26. f4 gxf3 27. Nxf3 Qb7 28. Ng5 Na5 29. Qe2 Rf5 30. Nxe6 Re8 31. Qd3 Rf7 32. Nf4 h4 33. Nd5 hxg3 34. hxg3 Re6 35. Nxb6+ Qxb6 36. Rxb6 axb6 37. b3 Nc6 38. Kb2 Rfe7 39. Rd2 Re3 40. Qg6 R3e6 41. Qg8+ Re8 42. Qg5 Ne5 43. Qf4 Rg8 44. a4 Nc6 45. g4 Reg6 46. Qf5 R6g7 47. g5 Kc7 48. Qf4+ Kc8 49. Qd6 Re7 50. a5 bxa5 51. Qxc5 Re5 52. Qd6 Rg7 53. Qf8+ 1-0


[Site "Internet"]

[Event "Chessable Masters - Torneo preliminare"]
[White "Giri, Anish"]
[Black "Praggnanandhaa, R"]
[WhiteFideId "24116068"]
[BlackFideId "25059530"]
[WhiteElo "2714"]
[BlackElo "2587"]
[Result "0-1"]
[Round "6"]
[TimeControl "600+2"]
[Date "2023.03.13"]
[WhiteClock "0:00:10"]
[BlackClock "0:00:11"]

1. e4 e5 2. Nf3 Nc6 3. Bb5 a6 4. Ba4 Bc5 5. c3 Nge7 6. d4 exd4 7. cxd4 Bb4+ 8. Bd2 Bxd2+ 9. Qxd2 d5 10. exd5 Qxd5 11. O-O O-O 12. Nc3 Qd6 13. Ne4 Qb4 14. Qxb4 Nxb4 15. a3 Nbd5 16. Rac1 Rd8 17. Rfe1 c6 18. h3 Kf8 19. Nc5 a5 20. Kh2 Ra7 21. Bc2 Bf5 22. Ne5 Bxc2 23. Rxc2 Nf6 24. Rce2 b6 25. Na4 b5 26. Nc3 Rb7 27. Ne4 Nxe4 28. Rxe4 f5 29. Rh4 h6 30. Nd3 Kf7 31. Nc5 Ra7 32. Rd1 Nd5 33. g4 fxg4 34. Rxg4 Rd6 35. Nd3 Nf6 36. Rf4 Re7 37. Rc1 Re2 38. Ne5+ Kg8 39. Nxc6 a4 40. Ne5 Rd8 41. Nc6 Rde8 42. Rc5 Rxb2 43. Re5 Kf7 44. d5 Rxe5 45. Nxe5+ Ke7 46. Rd4 Kd6 47. Nf7+ Kc5 48. Rd1 Nxd5 49. Rc1+ Kb6 50. Ne5 Rxf2+ 51. Kg3 Ra2 52. Rc6+ Kb7 53. Rd6 Rxa3+ 54. Kg4 Nc7 55. Nd3 Rc3 0-1


[Site "Internet"]

[Event "Chessable Masters - Torneo preliminare"]
[White "Dreev, Aleksey"]
[Black "Michalik, Peter"]
[WhiteFideId "4100107"]
[BlackFideId "14907526"]
[WhiteElo "2557"]
[BlackElo "2526"]
[Result "1/2-1/2"]
[Round "6"]
[TimeControl "600+2"]
[Date "2023.03.13"]
[WhiteClock "0:09:57"]
[BlackClock "0:09:41"]

1. d4 Nf6 2. c4 e6 3. Nc3 Bb4 4. Qc2 O-O 5. a3 Bxc3+ 6. Qxc3 d5 7. Nf3 dxc4 8. Qxc4 b6 9. Bg5 Ba6 10. Qa4 Qd7 11. Qxd7 Nbxd7 12. Bxf6 gxf6 13. e3 1/2-1/2


[Site "Internet"]

[Event "Chessable Masters - Torneo preliminare"]
[White "Gukesh, D"]
[Black "Meier, Georg"]
[WhiteFideId "46616543"]
[BlackFideId "4675789"]
[WhiteElo "2629"]
[BlackElo "2624"]
[Result "1-0"]
[Round "6"]
[TimeControl "600+2"]
[Date "2023.03.13"]
[WhiteClock "0:00:18"]
[BlackClock "0:00:06"]

1. d4 e6 2. c4 b6 3. Nc3 Bb4 4. Nf3 Bb7 5. Bg5 Nf6 6. Nd2 h6 7. Bh4 Nc6 8. e3 Ne7 9. Bd3 Nf5 10. Bxf5 exf5 11. Qc2 Bxc3 12. Qxc3 g5 13. Bg3 Bxg2 14. Rg1 Ne4 15. Nxe4 Bxe4 16. d5 f6 17. O-O-O d6 18. b3 Kf7 19. Kb2 Qd7 20. a3 Rhe8 21. Rd4 a5 22. Rf1 Bf3 23. Ka1 Re4 24. h4 Kg6 25. Bh2 Rae8 26. Rg1 Rxd4 27. exd4 Be2 28. f3 Qe7 29. Bf4 Qf7 30. Qd2 Qe7 31. Qc3 Kf7 32. Bc1 Qd7 33. a4 Re7 34. hxg5 hxg5 35. Rh1 Kg6 36. Rh2 Qe8 37. Rf2 Kg7 38. Qc2 Kg6 39. Kb2 Kg7 40. Ka3 f4 41. Rh2 Qg6 42. Rxe2 Qxc2 43. Rxc2 Re1 44. c5 Rf1 45. cxd6 cxd6 46. Rc3 f5 47. b4 g4 48. Bxf4 axb4+ 49. Kxb4 Kg6 50. Bxd6 gxf3 51. Rb3 Kg5 52. Kb5 Kg4 53. Be7 f2 54. Rb2 Kg3 55. d6 Rd1 56. Rxf2 Kxf2 57. d7 Rxd4 58. d8=Q Rxd8 59. Bxd8 1-0


[Site "Internet"]

[Event "Chessable Masters - Torneo preliminare"]
[White "Tabatabaei, M. Amin"]
[Black "Kramnik, Vladimir"]
[WhiteFideId "12521213"]
[BlackFideId "4101588"]
[WhiteElo "2558"]
[BlackElo "2756"]
[Result "1/2-1/2"]
[Round "6"]
[TimeControl "600+2"]
[Date "2023.03.13"]
[WhiteClock "0:00:09"]
[BlackClock "0:00:06"]

1. d4 d5 2. c4 c6 3. Nf3 Nf6 4. e3 Bf5 5. Nc3 e6 6. Nh4 Be4 7. f3 Bg6 8. Bd2 Nbd7 9. Qb3 dxc4 10. Qxc4 Ne4 11. fxe4 Qxh4+ 12. g3 Qd8 13. Bg2 Be7 14. O-O O-O 15. Rf2 e5 16. Qb3 Qb6 17. Qc2 exd4 18. Na4 Qd8 19. exd4 Nf6 20. Bc3 b5 21. Nc5 b4 22. Bxb4 Qxd4 23. Ba3 Ng4 24. Nb3 Qxf2+ 25. Qxf2 Nxf2 26. Bxe7 Rfe8 27. Kxf2 Rxe7 28. Nc5 Rb8 29. b3 Rd8 30. Ke3 h5 31. Rc1 Rd6 32. a4 a5 33. Rc4 f6 34. Bf3 Bf7 35. Rc2 Re5 36. h4 Rd8 37. Nd3 Re7 38. Rxc6 Bxb3 39. Nc5 Bf7 40. Ra6 Re5 41. Rxa5 Rc8 42. Kd4 Rd8+ 43. Ke3 Rb8 44. Be2 Bg6 45. Bc4+ Kh7 46. Bd5 Rd8 47. Kd4 Bf7 48. Nd3 Re7 49. Nb4 Rc7 50. Rc5 Rb7 51. Nc6 Rdd7 52. Rb5 Rbc7 53. Kc5 f5 54. Bxf7 Rxf7 55. e5 f4 56. gxf4 Rxf4 57. e6 Rxa4 58. Kd6 Rxc6+ 59. Kxc6 Kg6 60. Re5 Ra8 61. Re1 Kf6 62. e7 Kf7 63. Re5 Ke8 64. Rxh5 Kxe7 65. Rg5 Kf6 66. Rg1 Ra5 67. Kd6 Rh5 68. Rf1+ Kg6 69. Rg1+ Kh7 70. Rg4 Kh6 71. Ke6 g5 72. hxg5+ Rxg5 73. Rxg5 Kxg5 1/2-1/2


[Site "Internet"]

[Event "Chessable Masters - Torneo preliminare"]
[White "Pichot, Alan"]
[Black "Wei, Yi"]
[WhiteFideId "110973"]
[BlackFideId "8603405"]
[WhiteElo "2549"]
[BlackElo "2716"]
[Result "0-1"]
[Round "6"]
[TimeControl "600+2"]
[Date "2023.03.13"]
[WhiteClock "0:00:11"]
[BlackClock "0:00:22"]

1. e4 e5 2. Nf3 Nc6 3. Bb5 a6 4. Ba4 Nf6 5. O-O Bc5 6. Nxe5 Nxe5 7. d4 b5 8. Bb3 Bxd4 9. Qxd4 d6 10. f4 Nc6 11. Qc3 Ne7 12. e5 Ne4 13. Qe1 Nc5 14. exd6 Qxd6 15. f5 Nxb3 16. cxb3 Bb7 17. Nc3 b4 18. Na4 O-O 19. Bf4 Qd4+ 20. Qf2 Nxf5 21. Bxc7 Rac8 22. Bb6 Qg4 23. Rad1 Nh4 24. Qg3 Qh5 25. Rd2 Rc6 26. Qf2 Rf6 27. Qe2 Rxf1+ 28. Qxf1 Qg5 29. Rf2 Re8 30. Nc5 Bxg2 31. Rxg2 Nxg2 0-1


[Site "Internet"]

[Event "Chessable Masters - Torneo preliminare"]
[White "Terry, Renato"]
[Black "Dubov, Daniil"]
[WhiteFideId "3803457"]
[BlackFideId "24126055"]
[WhiteElo "2472"]
[BlackElo "2727"]
[Result "0-1"]
[Round "6"]
[TimeControl "600+2"]
[Date "2023.03.13"]
[WhiteClock "0:05:15"]
[BlackClock "0:05:04"]

1. Nf3 d5 2. e3 Nf6 3. d4 Bf5 4. Bd3 Bxd3 5. Qxd3 Nbd7 6. O-O e6 7. c4 Be7 8. b3 O-O 9. Bb2 Ne4 10. Nc3 Ndf6 11. Nd2 Nxd2 12. Qxd2 c6 13. Rfd1 a6 14. Qc2 Qd7 15. Na4 Qd8 16. Rd3 Ne4 17. f3 Nf6 18. Rad1 Re8 19. Qc1 Rb8 20. Ba3 Bxa3 21. Qxa3 dxc4 22. bxc4 b5 23. Nc5 bxc4 24. Rc3 e5 25. Rxc4 exd4 26. Rcxd4 Qe7 27. e4 Rb5 28. Rc1 Nh5 29. Rd7 Qg5 30. Nd3 Qe3+ 31. Kh1 Ng3+ 0-1


[Site "Internet"]

[Event "Chessable Masters - Torneo preliminare"]
[White "Antipov, Mikhail Al."]
[Black "Keymer, Vincent"]
[WhiteFideId "4107012"]
[BlackFideId "12940690"]
[WhiteElo "2593"]
[BlackElo "2630"]
[Result "0-1"]
[Round "6"]
[TimeControl "600+2"]
[Date "2023.03.13"]
[WhiteClock "0:00:13"]
[BlackClock "0:00:14"]

1. e4 c6 2. d4 d5 3. exd5 cxd5 4. Bd3 Nf6 5. h3 Nc6 6. c3 e5 7. dxe5 Nxe5 8. Qe2 Qe7 9. Bc2 b6 10. Na3 Ba6 11. Nb5 O-O-O 12. a4 Kb7 13. Bf4 Nc4 14. b4 Re8 15. Qxe7+ Bxe7 16. Ne2 Bxb5 17. axb5 Bd6 18. Bxd6 Nxd6 19. Bd3 Nd7 20. Kd2 Ne5 21. Nd4 Rc8 22. Rhe1 Rhe8 23. f3 h6 24. Kc2 Rc7 25. Bf1 g5 26. h4 f6 27. hxg5 hxg5 28. Red1 Rec8 29. Ra3 Nec4 30. Bxc4 Nxc4 31. Rda1 Nxa3+ 32. Rxa3 Re7 33. Kd3 Rcc7 34. Nf5 Re6 35. Ra1 Re5 36. Nd4 f5 37. g3 f4 38. gxf4 gxf4 39. Nc6 Re3+ 40. Kd4 Rxc6 41. bxc6+ Kxc6 42. Rxa7 Rxf3 43. Rf7 Kb5 44. Rf5 Ka4 45. Rxd5 Kb3 46. c4 Rc3 47. c5 b5 48. Rf5 Kxb4 49. Ke4 Rxc5 50. Rf8 Rc4+ 51. Kd3 Kb3 52. Rf5 b4 53. Rf8 f3 54. Kd2 Rc3 55. Rf4 Ka3 56. Kd1 b3 57. Kd2 Kb2 58. Rf8 f2 0-1


[Site "Internet"]

[Event "Chessable Masters - Torneo preliminare"]
[White "Nguyen, Ngoc Truong Son"]
[Black "Chigaev, Maksim"]
[WhiteFideId "12401110"]
[BlackFideId "4108116"]
[WhiteElo "2585"]
[BlackElo "2568"]
[Result "0-1"]
[Round "6"]
[TimeControl "600+2"]
[Date "2023.03.13"]
[WhiteClock "0:00:18"]
[BlackClock "0:01:10"]

1. d4 Nf6 2. c4 g6 3. Nc3 Bg7 4. e4 d6 5. Nf3 O-O 6. Be2 e5 7. d5 a5 8. Bg5 h6 9. Bh4 Na6 10. Nd2 Qe8 11. O-O Bd7 12. f3 h5 13. Bf2 Bh6 14. Nb3 b6 15. Nc1 Nh7 16. Nd3 f5 17. a3 a4 18. Nb5 fxe4 19. fxe4 Nf6 20. Nc3 Nc5 21. Nxc5 bxc5 22. Kh1 g5 23. Bg1 g4 24. Qc2 Qg6 25. Bd3 h4 26. Nb5 Nh5 27. g3 hxg3 28. Nxc7 Rf3 29. Nxa8 Nf4 30. hxg3 Rxg3 31. Bh2 Rh3 32. Nb6 g3 33. Rg1 Bg4 34. Rxg3 Rxg3 35. Bxg3 Bf3+ 36. Kh2 Qh5+ 37. Kg1 Qh1+ 38. Kf2 Nh3# 0-1


[Site "Internet"]

[Event "Chessable Masters - Torneo preliminare"]
[White "Pantsulaia, Levan"]
[Black "Van Foreest, Jorden"]
[WhiteFideId "13602071"]
[BlackFideId "1039784"]
[WhiteElo "2533"]
[BlackElo "2682"]
[Result "1-0"]
[Round "6"]
[TimeControl "600+2"]
[Date "2023.03.13"]
[WhiteClock "0:00:19"]
[BlackClock "0:00:04"]

1. Nf3 g6 2. c4 Bg7 3. Nc3 Nf6 4. g3 O-O 5. Bg2 d6 6. O-O e5 7. d3 Nc6 8. a3 Re8 9. Bg5 h6 10. Bxf6 Bxf6 11. Nd2 a5 12. c5 dxc5 13. Bxc6 bxc6 14. Qa4 h5 15. Rfc1 h4 16. Nce4 hxg3 17. Qxc6 gxf2+ 18. Kh1 Bh4 19. Qxa8 f5 20. Nxc5 e4 21. Qc6 Kh7 22. Nf1 exd3 23. Nxd3 Qg5 24. Ng3 Bxg3 25. hxg3 Rxe2 26. Kg2 f1=Q+ 27. Kxf1 Re4 28. Qxc7+ Kh6 29. Qxc8 Qxg3 30. Qh8+ Kg5 31. Qd8+ Kh6 32. Nf2 Rf4 33. Rc2 Qh3+ 34. Ke1 Qg3 35. Qh8+ Kg5 36. Qh1 Rh4 37. Qf1 f4 38. Rd1 f3 39. Rd3 Kh6 40. Kd1 Rh2 41. Ng4+ 1-0


[Site "Internet"]

[Event "Chessable Masters - Torneo preliminare"]
[White "Iturrizaga Bonelli, Eduardo"]
[Black "Smirnov, Pavel"]
[WhiteFideId "3901211"]
[BlackFideId "4123425"]
[WhiteElo "2654"]
[BlackElo "2470"]
[Result "1-0"]
[Round "6"]
[TimeControl "600+2"]
[Date "2023.03.13"]
[WhiteClock "0:00:09"]
[BlackClock "0:00:18"]

1. c4 e6 2. Nf3 d5 3. e3 Nf6 4. Nc3 b6 5. b3 Bb7 6. Bb2 Nbd7 7. cxd5 exd5 8. d4 Bd6 9. g3 a6 10. Bg2 O-O 11. O-O Qe7 12. a3 Ne4 13. Ne2 a5 14. Nf4 c6 15. Nd3 Rfe8 16. Nfe5 f6 17. Nf3 a4 18. bxa4 Ra5 19. Nh4 g6 20. Nb4 Rea8 21. Rc1 Bxb4 22. axb4 Rxa4 23. b5 c5 24. dxc5 bxc5 25. Bc3 Ra3 26. Bb2 R3a4 27. Bc3 Nb6 28. Nf3 Ra3 29. Bb2 Ra2 30. Rc2 Nc4 31. Bc1 Ra1 32. h4 Qe8 33. h5 g5 34. Nh2 f5 35. g4 f4 36. exf4 gxf4 37. Re1 Qf7 38. g5 Nxg5 39. Qg4 h6 40. Nf3 Re8 41. Rxe8+ Qxe8 42. Nxg5 hxg5 43. Qxg5+ Kh7 44. Qf5+ Kg8 45. Bxd5+ Bxd5 46. Qxd5+ Kh7 47. Qxc4 Qxh5 48. Qe4+ Kg8 49. Qe6+ Kh7 50. Qd7+ Kg8 51. Qc8+ Kh7 52. Qc7+ Kg8 53. Qd8+ Kh7 54. Qd7+ Kg8 55. Qe6+ Kh7 56. Qe4+ Kg8 57. Qc4+ Kh7 58. f3 Qe5 59. Qf7+ Kh6 60. Rh2+ Kg5 61. Rh5# 1-0


[Site "Internet"]

[Event "Chessable Masters - Torneo preliminare"]
[White "Andreikin, Dmitry"]
[Black "Henriquez Villagra, Cristobal"]
[WhiteFideId "4158814"]
[BlackFideId "3409350"]
[WhiteElo "2628"]
[BlackElo "2574"]
[Result "1-0"]
[Round "6"]
[TimeControl "600+2"]
[Date "2023.03.13"]
[WhiteClock "0:01:35"]
[BlackClock "0:00:19"]

1. d4 Nf6 2. c4 g6 3. Nc3 d6 4. e4 Bg7 5. h3 e5 6. d5 Na6 7. Bd3 Nc5 8. Bc2 a5 9. Be3 Bd7 10. Nge2 h5 11. Qd2 b6 12. O-O-O h4 13. Bg5 Rh5 14. Be3 a4 15. Rhf1 Qc8 16. f4 Qa6 17. fxe5 Rxe5 18. Bd4 Nh5 19. Bd3 a3 20. b4 Nxd3+ 21. Qxd3 Kf8 22. b5 Qa5 23. Kc2 Kg8 24. Kb3 Rg5 25. Bxg7 Kxg7 26. Qd4+ Kg8 27. Rf2 Re8 28. Rd3 Ree5 29. Rdf3 Be8 30. Qd2 Qa8 31. Qc1 Qd8 32. Kxa3 Qe7 33. Kb3 Bd7 34. a4 f5 35. exf5 Bxf5 36. Nd4 Rg3 37. Nc6 Qf6 38. Nxe5 Qxe5 39. Re2 Qg7 40. Re8+ Kf7 41. Qe3 Qf6 42. Rb8 Ng7 43. Rxg3 hxg3 44. Qxg3 Qd4 45. Qf3 Qd2 46. Qe2 Qc1 47. g4 1-0


[Site "Internet"]

[Event "Chessable Masters - Torneo preliminare"]
[White "Sychev, Klementy"]
[Black "Svidler, Peter"]
[WhiteFideId "4114060"]
[BlackFideId "4102142"]
[WhiteElo "2484"]
[BlackElo "2752"]
[Result "1-0"]
[Round "6"]
[TimeControl "600+2"]
[Date "2023.03.13"]
[WhiteClock "0:07:18"]
[BlackClock "0:06:13"]

1. e4 c5 2. Nf3 e6 3. d4 cxd4 4. Nxd4 a6 5. Bd3 Bc5 6. Nb3 Be7 7. O-O d6 8. Qg4 Bf6 9. Nc3 Ne7 10. f4 Nbc6 11. Qh5 O-O 12. Be3 g6 13. Qf3 Bg7 14. Rad1 Qc7 15. a4 b6 16. Kh1 Bb7 17. Qf2 Bxc3 18. Bxb6 1-0


[Site "Internet"]

[Event "Chessable Masters - Torneo preliminare"]
[White "Mamedyarov, Shakhriyar"]
[Black "Sjugirov, Sanan"]
[WhiteFideId "13401319"]
[BlackFideId "4189302"]
[WhiteElo "2703"]
[BlackElo "2543"]
[Result "1-0"]
[Round "6"]
[TimeControl "600+2"]
[Date "2023.03.13"]
[WhiteClock "0:01:41"]
[BlackClock "0:00:04"]

1. d4 Nf6 2. c4 e6 3. Nc3 Bb4 4. g3 Bxc3+ 5. bxc3 d6 6. Bg2 e5 7. a4 O-O 8. a5 e4 9. Bg5 Re8 10. Qb1 c5 11. Bxe4 cxd4 12. Bxh7+ Kh8 13. cxd4 Nc6 14. Bd3 d5 15. c5 Nxd4 16. Qb4 Ne6 17. Nf3 Kg8 18. O-O Qe7 19. Bxf6 Qxf6 20. Rfc1 Nd8 21. Qb3 Be6 22. a6 Rb8 23. Rab1 Qe7 24. c6 d4 25. c7 1-0


[Site "Internet"]

[Event "Chessable Masters - Torneo preliminare"]
[White "Sadhwani, Raunak"]
[Black "Mitrabha, Guha"]
[WhiteFideId "35093487"]
[BlackFideId "5057000"]
[WhiteElo "2550"]
[BlackElo "2401"]
[Result "1-0"]
[Round "6"]
[TimeControl "600+2"]
[Date "2023.03.13"]
[WhiteClock "0:02:51"]
[BlackClock "0:06:36"]

1. e4 e6 2. d4 d5 3. Nc3 Bb4 4. e5 c5 5. a3 Bxc3+ 6. bxc3 Qc7 7. h4 cxd4 8. cxd4 Qc3+ 9. Bd2 Qxd4 10. Nf3 Qg4 11. h5 Qa4 12. Rh4 Qd7 13. Bd3 Nc6 14. Qe2 h6 15. Rg4 Kf8 16. a4 Nge7 17. a5 Qc7 18. c4 Bd7 19. cxd5 exd5 20. Rf4 Be6 21. Rc1 Qd7 22. a6 bxa6 23. Bxa6 Rb8 24. Bb5 Qb7 25. Bd3 a5 26. Kf1 Nb4 27. Nd4 Qb6 28. Bg6 Nxg6 29. hxg6 Kg8 30. Nxe6 fxe6 31. Bxb4 axb4 32. Rf7 b3 33. Rcc7 Qxc7 34. Rxc7 b2 35. Qxb2 1-0


[Site "Internet"]

[Event "Chessable Masters - Torneo preliminare"]
[White "Martinez Alcantara, Jose Eduardo"]
[Black "Shimanov, Aleksandr"]
[WhiteFideId "3805662"]
[BlackFideId "4198603"]
[WhiteElo "2643"]
[BlackElo "2610"]
[Result "1-0"]
[Round "6"]
[TimeControl "600+2"]
[Date "2023.03.13"]
[WhiteClock "0:00:10"]
[BlackClock "0:00:06"]

1. e4 e6 2. d4 d5 3. Nd2 c5 4. Ngf3 cxd4 5. Nxd4 Nf6 6. exd5 Nxd5 7. c3 Be7 8. N2f3 O-O 9. Bd3 b6 10. Qe2 Nf6 11. Be4 Nxe4 12. Qxe4 Qd5 13. Qxd5 exd5 14. O-O Bd7 15. Ne5 Rd8 16. Re1 Be8 17. Nef3 Bc5 18. Bf4 Nd7 19. Nf5 Nf6 20. b4 Bf8 21. Bg5 Rdc8 22. Bxf6 gxf6 23. Ne3 Rxc3 24. Nxd5 Rc6 25. b5 Re6 26. Nc7 Rc8 27. Nxe6 fxe6 28. a4 e5 29. Rac1 Bc5 30. Nd2 Bg6 31. Nb3 Kf7 32. a5 Ke6 33. Red1 Be4 34. Nxc5+ bxc5 35. Rc4 Bd5 36. Rh4 Rc7 37. f4 c4 38. f5+ Kd6 39. Rh6 Rf7 40. g4 Kc5 41. Kf2 c3 42. Ke3 c2 43. Rc1 Bb3 44. b6 axb6 45. axb6 Rd7 46. Rxf6 Rd1 47. b7 Rxc1 48. b8=Q Re1+ 49. Kf2 Rf1+ 50. Kg3 Rg1+ 51. Kh4 c1=Q 52. Qxe5+ Bd5 53. Qc7+ Kd4 54. Qxc1 Rxc1 55. Kg5 Rh1 56. Rh6 Bg8 57. Kf6 Rg1 58. h3 Rg3 59. Kg7 Bd5 60. f6 Rf3 61. Rxh7 Ke5 62. Rh5+ Ke6 63. Rxd5 Kxd5 64. f7 1-0


[Site "Internet"]

[Event "Chessable Masters - Torneo preliminare"]
[White "Perez Ponsa, Federico"]
[Black "Vokhidov, Shamsiddin"]
[WhiteFideId "117927"]
[BlackFideId "14204223"]
[WhiteElo "2586"]
[BlackElo "2514"]
[Result "0-1"]
[Round "6"]
[TimeControl "600+2"]
[Date "2023.03.13"]
[WhiteClock "0:00:13"]
[BlackClock "0:01:24"]

1. e4 c5 2. Nf3 e6 3. d4 cxd4 4. Nxd4 Nc6 5. Nc3 Qc7 6. Be3 a6 7. Qd2 Nf6 8. f4 b5 9. e5 Ng4 10. Bg1 Nxd4 11. Bxd4 Bb7 12. O-O-O h5 13. Bb6 Qc6 14. Be2 b4 15. Ne4 d5 16. exd6 Qxb6 17. Bxg4 Bxe4 18. Rhe1 Bc6 19. d7+ Kd8 20. Bxe6 fxe6 21. Rxe6 Be7 22. Qe1 Bf6 23. Rdd6 Kc7 24. Rxc6+ Qxc6 25. Rxc6+ Kxc6 26. Qe6+ Kc7 27. f5 Rhd8 28. Qd5 Rab8 29. Qc4+ Kxd7 30. Qf7+ Kd6 31. Qe6+ Kc5 32. Qe3+ Kc6 33. Qe6+ Kb7 34. Qe4+ Ka7 35. Qe3+ Rb6 36. g3 Rd7 37. h3 Re7 38. Qf2 Bg5+ 39. Kb1 Be3 40. Qf3 h4 41. gxh4 Bd4 42. Qd1 Rd6 43. c3 bxc3 44. bxc3 Rb7+ 45. Kc2 Rb2+ 46. Kxb2 Bxc3+ 47. Kc2 Rxd1 48. Kxd1 Kb6 49. Ke2 Kc5 50. Kf3 Bf6 51. Kg4 Kd5 52. Kh5 Ke5 53. Kg6 Bxh4 54. Kxg7 Kxf5 55. Kf7 Be1 56. Ke7 Kg5 57. Kd6 Kh4 58. Kc6 a5 59. Kb5 Kxh3 60. Kc4 Kg3 61. Kb3 Kf3 62. Kb2 Ke3 63. Kc2 Kd4 64. Kb2 Kc4 65. Kc2 Bc3 66. Kb1 Be5 67. Kc2 Kb4 68. Kb1 Ka3 0-1


[Site "Internet"]

[Event "Chessable Masters - Torneo preliminare"]
[White "Kevlishvili, Robby"]
[Black "Bluebaum, Matthias"]
[WhiteFideId "1040634"]
[BlackFideId "24651516"]
[WhiteElo "2577"]
[BlackElo "2601"]
[Result "0-1"]
[Round "6"]
[TimeControl "600+2"]
[Date "2023.03.13"]
[WhiteClock "0:03:41"]
[BlackClock "0:00:23"]

1. e4 e6 2. d4 d5 3. Nd2 c5 4. Ngf3 cxd4 5. Nxd4 Nf6 6. exd5 Nxd5 7. g3 a6 8. Bg2 Nf4 9. gxf4 Qxd4 10. O-O Qxf4 11. Ne4 Qc7 12. Qf3 Nc6 13. Bf4 e5 14. Rae1 Be7 15. Bg3 O-O 16. Nc3 Be6 17. Qh5 Bb4 18. f4 Bxc3 19. bxc3 exf4 20. Rxf4 Qb6+ 21. Bf2 Qb5 22. Qh4 Rad8 23. Be4 h6 24. Kh1 Bd5 25. Rg1 Bxe4+ 26. Rxe4 Qf5 27. Reg4 Qf3+ 28. R1g2 Rd1+ 29. Bg1 g6 30. Qxh6 Rfd8 31. h3 R8d2 32. Kh2 Rxg2+ 33. Rxg2 Ne5 34. Bd4 Qe4 35. Kg3 Qf3+ 36. Kh2 Qe4 37. Kg3 Qe1+ 38. Kf4 Rxd4+ 39. cxd4 Qc1+ 40. Kxe5 Qxh6 41. d5 Qh5+ 42. Kd6 Qxh3 43. Rd2 Qa3+ 44. Kd7 Qa4+ 45. Kc7 Qa5+ 0-1


[Site "Internet"]